 Dungeon Crawl Stone Soup version 0.24.0-125-gc4c63601f3 (webtiles) character file.

Game seed: 276984732638994020, levelgen mode: deterministic

2396 Kaiern the Basher (level 9, -3/75 HPs)
             Began as a Minotaur Berserker on Mar 15, 2020.
             Was an Elder of Trog.
             Slain by a death yak (6 damage)
             ... on level 7 of the Dungeon.
             The game lasted 00:41:59 (8009 turns).

Kaiern the Basher (Minotaur Berserker)              Turns: 8009, Time: 00:41:59

Health: -3/75      AC: 20    Str: 25    XL:     9   Next: 22%
Magic:  8/8        EV: 10    Int:  4    God:    Trog [****..]
Gold:   347        SH:  0    Dex: 10    Spells: 8/8 levels left

rFire    . . .     SeeInvis .   m - +2 mace (protect)
rCold    . . .     Gourm    .   (no shield)
rNeg     . . .     Faith    .   v - +0 chain mail
rPois    .         Spirit   .   (helmet restricted)
rElec    .         Reflect  .   k - +0 cloak
rCorr    .         Harm     .   e - +0 pair of gloves
MR       .....                  (no boots)
Stlth    ..........             (no amulet)
HPRegen  0.22/turn              (no ring)
MPRegen  0.11/turn              (no ring)

@: protection aura
A: retaliatory headbutt, horns 2
a: Berserk, Trog's Hand, Brothers in Arms, Renounce Religion


You were on level 7 of the Dungeon.
You worshipped Trog.
Trog was greatly pleased with you.
You were hungry.

You visited 2 branches of the dungeon, and saw 8 of its levels.

You collected 347 gold pieces.

Inventory:

Hand Weapons
 a - a +0 hand axe
 m - a +2 mace of protection (weapon)
 n - a +2 quarterstaff of chaos
Missiles
 d - 218 stones (quivered)
 l - 17 poisoned darts
Armour
 b - a +0 animal skin
 e - a +0 pair of gloves (worn)
 f - a +0 helmet
 h - a +0 leather armour
 k - a +0 cloak (worn)
 u - a +0 scale mail
 v - a +0 chain mail (worn)
 y - a +2 leather armour of cold resistance
Jewellery
 F - a cursed -3 ring of evasion {unknown}
Wands
 w - a wand of flame (15)
 D - a wand of paralysis (16)
Scrolls
 i - 4 scrolls of identify
 p - a scroll of random uselessness {unknown}
 r - 2 scrolls of fear {unknown}
 s - 4 scrolls of remove curse {unknown}
 t - 4 scrolls of teleportation {unknown}
 C - 2 scrolls of magic mapping {unknown}
 E - a scroll of enchant armour {unknown}
Potions
 g - 11 potions of heal wounds
 j - 4 potions of curing {unknown}
 o - 2 potions of lignification {unknown}
 q - 2 potions of haste
 x - a potion of degeneration {unknown}
 z - a potion of brilliance {unknown}
 A - a potion of might {unknown}
 B - a potion of berserk rage {unknown}
 G - a potion of flight {unknown}
Comestibles
 c - 13 rations


   Skills:
 + Level 6.1 Fighting
 - Level 4.9(8.3) Axes
 * Level 10.5(10.9) Maces & Flails
 + Level 2.5 Throwing
 + Level 6.6 Armour
 + Level 4.1 Dodging
 + Level 1.4 Stealth


You had 8 spell levels left.
You didn't know any spells.
Your spell library was empty.

Dungeon Overview and Level Annotations

Branches:
Dungeon (7/15)             Temple (1/1) D:4

Altars:
Ashenzari
Cheibriados
Dithmenos
Elyvilon
Fedhas
Gozag
Hepliaklqana
Kikubaaqudgha
Makhleb
Nemelex Xobeh
Okawaru
Qazlal
Ru
Sif Muna
Trog
Uskayaw
Vehumet
Wu Jian
Xom
Yredelemnul
Zin
The Shining One


Innate Abilities, Weirdness & Mutations

You reflexively headbutt those who attack you in melee.
You have a pair of horns on your head.


Message History

You completely miss the death yak.
You headbutt the death yak, but do no damage.
The death yak is moderately wounded.
The death yak closely misses you.
The dream sheep ruffles its wool and motes of dream dust sparkle, to no effect.
You hit the death yak. Your headbutt misses the death yak.
The death yak is moderately wounded.
The death yak gores you!!
* * * LOW HITPOINT WARNING * * *
You hit the death yak but do no damage.
The death yak is moderately wounded.
The death yak closely misses you.
You hit the death yak.
The death yak is moderately wounded.
The death yak gores you!
* * * LOW HITPOINT WARNING * * *
You hit the death yak but do no damage. Your headbutt misses the death yak.
The death yak is moderately wounded.
The death yak gores you.
You die...

###.##...#............h.......#.#
.##....###....................#.#
...>...............##########.#.#
.###...###......hh............#.#
####...###.....hhhY.###########.#
#...#.........hhhY..# #.#
#...#.......###hY##.######### #.#
#...#.......# ##Y##.#.......# #.#
#...#.......# #@##.#.......# #.#
....#.......# #..#.#.......# #.#
..###.......# ##.#.#.......# #.#
..###.......## #...#.......# #..
.............#####..#.......#####
.............##....>.............
#............##..................
#####.........#.........#....####
#####.........#.....#.#..........


You could see 2 death yaks, 4 polar bears, a yak, a hog, 3 black bears and a
hound.

Vanquished Creatures
  A spriggan (D:7)
  Sigmund (D:4)
  Eustachio (D:5)
  3 sky beasts
  A black bear (D:6)
  An ice beast (D:5)
  3 ogres
  3 centaurs (D:6)
  2 bullfrogs
  2 scorpions
  A crimson imp (D:7)
  2 hounds
  2 jellies
  An orc priest (D:7)
  Crazy Yiuf (D:2)
  2 orc wizards (D:6)
  2 bullfrog skeletons
  2 iguanas (D:4)
  3 worker ants
  A hound skeleton (D:6)
  A worker ant zombie (D:4)
  3 gnolls (D:3)
  10 adders
  A shadow imp (D:6)
  2 oozes
  2 adder zombies
  3 worms
  2 dart slugs
  10 leopard geckos
  18 orcs
  8 giant cockroaches
  7 goblins
  4 hobgoblins (D:1)
  4 jackals
  8 kobolds
  6 quokkas
  A ball python (D:1)
  2 bats (D:1)
  9 frilled lizards
  A jackal skeleton (D:5)
  A jackal zombie (D:5)
  A leopard gecko skeleton (D:5)
  A leopard gecko zombie (D:6)
  5 rats
145 creatures vanquished.

Vanquished Creatures (others)
  A bullfrog zombie (D:6)
1 creature vanquished.

Grand Total: 146 creatures vanquished

Notes
Turn   | Place    | Note
-------+----------+-------------------------------------------
     0 | D:1      | Kaiern the Minotaur Berserker began the quest for the Orb.
     0 | D:1      | Reached XP level 1. HP: 19/19 MP: 0/0
   351 | D:1      | Reached XP level 2. HP: 17/27 MP: 1/1
   843 | D:1      | Reached XP level 3. HP: 33/33 MP: 2/2
  1664 | D:2      | Reached XP level 4. HP: 36/40 MP: 3/3
  1872 | D:2      | Reached skill level 1 in Throwing
  2268 | D:2      | Found a runed translucent door.
  2270 | D:2      | Noticed Crazy Yiuf
  2287 | D:2      | Killed Crazy Yiuf
  2371 | D:3      | Reached ** piety under Trog
  2553 | D:3      | Reached XP level 5. HP: 47/47 MP: 4/4
  2596 | D:3      | Reached skill level 1 in Maces & Flails
  3180 | D:4      | Noticed an ogre
  3237 | D:4      | HP: 1/47 [ogre/+0 giant club (23)]
  3238 | D:4      | Killed an ogre
  3238 | D:4      | Reached skill level 2 in Maces & Flails
  3238 | D:4      | Reached XP level 6. HP: 1/53 MP: 5/5
  3631 | D:4      | Reached skill level 3 in Maces & Flails
  3817 | D:4      | Found a staircase to the Ecumenical Temple.
  3839 | Temple   | Entered the Ecumenical Temple
  4027 | D:4      | Found a shattered altar of Ashenzari.
  4080 | D:4      | Noticed Sigmund
  4097 | D:4      | Killed Sigmund
  4097 | D:4      | Reached skill level 5 in Fighting
  4097 | D:4      | Reached skill level 4 in Maces & Flails
  4097 | D:4      | Reached XP level 7. HP: 32/61 MP: 6/6
  4160 | D:4      | Reached skill level 5 in Maces & Flails
  4546 | D:5      | Entered Level 5 of the Dungeon
  4631 | D:5      | Reached skill level 1 in Stealth
  5326 | D:5      | Noticed Eustachio
  5358 | D:5      | Killed Eustachio
  5358 | D:5      | Reached *** piety under Trog
  5358 | D:5      | Reached skill level 6 in Maces & Flails
  5618 | D:5      | Reached skill level 7 in Maces & Flails
  5618 | D:5      | Reached XP level 8. HP: 60/68 MP: 7/7
  5948 | D:5      | Reached skill level 5 in Armour
  5983 | D:6      | Reached skill level 8 in Maces & Flails
  6033 | D:6      | Reached skill level 9 in Maces & Flails
  6380 | D:6      | Found a hide-covered altar of Uskayaw.
  7153 | D:7      | Reached XP level 9. HP: 75/75 MP: 8/8
  7212 | D:7      | Reached **** piety under Trog
  7212 | D:7      | Reached skill level 10 in Maces & Flails
  7579 | D:7      | Found a huge runed translucent gate.
  7588 | D:7      | Found a huge runed translucent gate.
  7588 | D:7      | Found a huge runed translucent gate.
  7588 | D:7      | Found a huge runed translucent gate.
  7588 | D:7      | Noticed a polar bear
  7588 | D:7      | Noticed a manticore
  7588 | D:7      | Noticed a polar bear
  7588 | D:7      | Noticed a death yak
  7588 | D:7      | Noticed a polar bear
  7588 | D:7      | Noticed a polar bear
  7588 | D:7      | Noticed a death yak
  7589 | D:7      | Noticed a polar bear
  8008 | D:7      | HP: 3/75 [death yak (7)]
  8009 | D:7      | Slain by a death yak

Levels and vault maps discovered:
D:1:      onia_arrival_mini_maze_b, layout_loops_ring,
          chequers_serial_rivers_small_b, supply_closet_lemuel
D:2:      layout_basic, uniq_crazy_yiuf_cottage
D:3:      layout_basic, first_ration
D:4:      layout_rooms, minmay_temple_entry_mini_moons,
          nicolae_ashenzari_panopticon, uniq_sigmund
D:5:      layout_loops_ring, uniq_eustachio
D:6:      layout_rooms, eat_drink_and_be_merry_uskayaw, gup_sewer_entry_pipe
D:7:      lemuel_bear_cage, layout_basic, serial_glass, glass_columns_b,
          glass_columns_a, glass_columns_a, glass_columns_c, the_bakery
Temple:   kilobyte_greek_temple

Skill      XL: |  1  2  3  4  5  6  7  8  9 |
---------------+----------------------------+-----
Axes           | 4 |  4.9
Armour         | 3 4 6 |  6.6
Fighting       | 4 5 6 |  6.1
Throwing       | 1 2 |  2.5
Dodging        | 3 4 |  4.1
Maces & Flails | 2 4 7 9 10 | 10.5
Stealth        | 1 |  1.4

Action                   |  1- 3 |  4- 6 |  7- 9 || total
-------------------------+-------+-------+-------++-------
Melee: Hand axe          |    90 |    15 |       ||   105
       Headbutt          |     9 |    20 |    51 ||    80
       Mace              |       |    80 |   255 ||   335
Throw: Stone             |    22 |    25 |    23 ||    70
  Use: Scroll            |       |       |     1 ||     1
  Eat: Chunk             |     1 |     2 |     5 ||     8
       Ration            |       |     2 |     2 ||     4
Armor: Animal skin       |    12 |       |       ||    12
       Leather armour    |     8 |    17 |       ||    25
       Chain mail        |       |     9 |   162 ||   171
Dodge: Dodged            |    45 |    44 |   122 ||   211
